Map: Orbital Shipyard

Players

Bones - Winner!

  • Race: Protoss Protoss

Bop - Winner!

  • Race: Protoss Protoss

lalaluna

  • Race: Terran Terran

HelloWorld

  • Race: Terran Terran

VOD

Have the link to the VOD?

Description

Time

  • Played on: May 7, 2015, 12:49 a.m.
  • Length: 12:57
Show
View Real Time Build Order
Export as new Build Order

Bones Protoss - Winner!

Build Orders: Oracle Opening, Oracle Opening, Phoenix Opening 

Get SALT Encoding   

  12  0:00  Probe  
  13  0:14  Pylon  
  13  0:18  Probe  
  14  0:32  Probe (Chrono Boost)  
  14  0:33  Gateway  
  16  0:42  Probe (Chrono Boost)  
  16  0:49  Probe  
  17  0:51  Assimilator  
  17  0:55  Assimilator  
  17  1:01  Probe (Chrono Boost)  
  18  1:13  Probe (Chrono Boost), Pylon  
  19  1:20  Cybernetics Core, Probe (Chrono Boost)  
  20  1:30  Probe  
  21  1:42  Probe  
  22  1:57  Mothership Core (Chrono Boost), Stalker (Chrono Boost)  
  22  1:58  Warp Gate  
  26  2:11  Pylon  
  26  2:14  Probe (Chrono Boost)  
  27  2:23  Probe  
  27  2:27  Adept (Chrono Boost)  
  30  2:37  Probe  
  30  2:39  Stargate  
  31  2:54  Probe  
  31  2:57  Nexus  
  32  3:08  Probe  
  32  3:12  Pylon  
  33  3:22  Probe, Oracle (Chrono Boost)  
  37  3:34  Probe  
  38  3:46  Probe (Chrono Boost)  
  38  3:47  Forge  
  39  3:50  Gateway  
  40  3:56  Phoenix (Chrono Boost)  
  40  3:57  Probe (Chrono Boost)  
  42  4:03  Probe (Chrono Boost)  
  43  4:13  Sentry  
  43  4:15  Probe  
  46  4:17  Phoenix  
  46  4:19  Probe  
  46  4:23  Protoss Ground Weapons Level 1 (Chrono Boost)  
  49  4:27  Probe  
  50  4:31  Probe  
  50  4:34  Pylon  
  51  4:39  Probe  
  51  4:43  Probe, Photon Cannon  
  53  4:51  Probe  
  54  4:53  Photon Cannon  
  54  4:56  Probe  
  54  4:57  Assimilator  
  55  5:02  Assimilator  
  55  5:03  Probe  
  56  5:08  Probe  
  56  5:12  Pylon  
  57  5:15  Probe  
  57  5:16  Pylon  
  57  5:18  Twilight Council  
  57  5:20  Probe  
  59  5:28  Probe  
  60  5:30  Adept x2  
  60  5:32  Probe  
  65  5:40  Probe  
  66  5:44  Probe  
  66  5:48  Gateway x2  
  67  5:50  Adept x2  
  67  5:52  Probe  
  67  5:56  Protoss Ground Weapons Level 2 (Chrono Boost)  
  72  6:01  Phoenix (Chrono Boost)  
  74  6:12  Adept x2  
  74  6:16  Probe x2  
  74  6:18  Shield Upgrade  
  80  6:21  Pylon  
  80  6:22  Phoenix (Chrono Boost)  
  82  6:30  Probe x2  
  84  6:35  Pylon  
  84  6:44  Adept x2, Pylon  
  88  6:51  Adept x2  
  92  6:57  Probe x2  
  86  7:07  Gateway  
  86  7:08  Gateway  
  86  7:09  Adept x2  
  86  7:13  Adept x2  
  84  7:24  Charge  
  84  7:26  Pylon  
  84  7:29  Forge  
  84  7:30  Templar Archives  
  84  7:31  Pylon  
  84  7:37  Nexus  
  84  7:41  Pylon  
  84  7:48  Sentry, Protoss Ground Weapons Level 3 (Chrono Boost)  
  84  7:49  Sentry  
  88  7:59  Adept  
  88  8:02  Pylon  
  88  8:03  Protoss Shields Level 1 (Chrono Boost)  
  90  8:06  Sentry x2  
  90  8:09  Photon Cannon  
  94  8:15  Probe  
  95  8:21  Pylon  
  95  8:29  Phoenix, Assimilator  
  97  8:35  Sentry, Assimilator  
  97  8:36  Sentry  
  97  8:37  Adept x4  
  109  8:53  Pylon  
  109  8:56  Probe x3  
  112  9:10  Gateway  
  112  9:11  Gateway  
  112  9:12  Gateway  
  112  9:16  Pylon  
  112  9:17  Templar Archives  
  112  9:19  Gateway  
  112  9:24  Adept x3  
  115  9:31  Oracle (Chrono Boost)  
  115  9:34  Adept x2  
  115  9:35  Adept  
  124  9:46  Protoss Shields Level 2 (Chrono Boost)  
  124  9:48  Photon Cannon  
  124  9:56  Protoss Ground Armor Level 1 (Chrono Boost)  
  127  10:00  Oracle (Chrono Boost)  
  127  10:14  Adept x3  
  127  10:15  Adept x3  
  139  10:23  Pylon  
  139  10:28  Adept  
  139  10:29  Adept x3  
  139  10:31  Pylon  
  139  10:35  Psionic Storm  
  147  10:37  Pylon  
  147  10:48  Pylon  
  147  10:57  High Templar x4  
  147  11:03  Pylon, Robotics Facility  
  143  11:20  Adept x6  
  143  11:40  Pylon  
  143  11:49  Zealot  
  143  11:50  Zealot x6  
  143  11:51  Nexus  
  145  12:15  High Templar  
  133  12:17  Pylon  
  133  12:20  Pylon  
  127  12:24  Pylon  
  127  12:27  Adept x4  
  127  12:28  Adept x5  
  145  12:39  Assimilator  
  145  12:44  Assimilator  
  145  12:47  Photon Cannon  
  145  12:51  Photon Cannon  
Show
View Real Time Build Order
Export as new Build Order

Bop Protoss - Winner!

Build Orders:  

Get SALT Encoding   

  12  0:00  SCV  
  13  0:13  SCV  
  14  0:18  Supply Depot  
  14  0:25  SCV  
  15  0:40  SCV  
  15  0:41  Barracks  
  16  0:47  Refinery  
  16  0:52  SCV  
  17  1:04  SCV  
  18  1:16  SCV  
  19  1:33  Orbital Command  
  19  1:35  Reaper  
  20  1:45  Command Center  
  20  1:53  Supply Depot  
  20  1:59  Barracks  
  20  2:01  SCV  
  21  2:13  SCV  
  21  2:14  Barracks Reactor  
  22  2:25  SCV  
  23  2:37  Barracks  
  23  2:48  Bunker  
  23  2:50  Barracks Tech Lab, Marine x2  
  25  2:54  SCV  
  25  2:57  Orbital Command  
  26  3:07  SCV  
  26  3:08  Marine x2  
  29  3:13  Marauder  
  29  3:14  Stimpack  
  29  3:19  SCV  
  32  3:20  Engineering Bay  
  32  3:22  SCV  
  32  3:26  Barracks Tech Lab  
  33  3:31  SCV  
  34  3:34  SCV  
  34  3:37  Marauder  
  36  3:45  Refinery  
  36  3:51  Marine x3  
  36  3:55  SCV x2  
  41  3:59  Marauder  
  41  4:01  Terran Infantry Weapons Level 1  
  43  4:06  Supply Depot  
  43  4:07  SCV x2  
  43  4:09  Marine  
  46  4:14  Supply Depot  
  46  4:19  Supply Depot  
  46  4:22  SCV  
  46  4:23  Marine  
  44  4:42  Missile Turret  
  44  4:45  Missile Turret  
  44  4:53  Marauder x2, Marine x2  
  50  5:03  SCV x2  
  52  5:11  Marine x2  
  52  5:12  Combat Shields  
  54  5:15  SCV x2, Marauder  
  54  5:18  Marauder  
  54  5:19  Refinery  
  60  5:27  SCV x2  
  61  5:31  Marine  
  61  5:32  Marine  
  63  5:36  Marauder  
  63  5:38  Supply Depot  
  63  5:39  SCV x2  
  67  5:44  Marauder  
  67  5:49  Marine  
  70  5:59  Marine  
  70  6:00  SCV x2, Marauder  
  70  6:03  Factory  
  75  6:05  Supply Depot, Marine  
  75  6:07  Marine  
  77  6:12  SCV  
  77  6:14  Terran Infantry Armor Level 1  
  78  6:26  SCV x2  
  78  6:27  Marauder x2  
  78  6:30  Supply Depot  
  78  6:32  Marine x2  
  84  6:35  Supply Depot  
  84  6:38  SCV x2  
  83  6:47  Missile Turret, Marine  
  83  6:48  Starport, Marauder  
  83  6:49  Factory Reactor  
  83  6:50  SCV  
  83  6:51  SCV, Marine x2  
  83  6:53  Supply Depot  
  84  6:58  Supply Depot  
  71  7:03  SCV  
  71  7:05  Marine  
  69  7:09  Marauder, Marine x2  
  69  7:14  Concussive Shells  
  56  7:24  Marauder  
  56  7:27  Marine  
  57  7:31  Armory, Marine, Marauder  
  57  7:34  Medivac  
  57  7:35  Command Center  
  61  7:40  Factory Reactor  
  61  7:43  Refinery  
  61  7:44  Marine  
  61  7:45  Marine  
  61  7:49  Missile Turret, Marine  
  64  7:51  Marine  
  65  8:02  Barracks x2, Marine x2  
  65  8:03  Medivac  
  69  8:07  Marine  
  69  8:09  Marine  
  69  8:19  Terran Infantry Weapons Level 2  
  69  8:20  Marine  
  69  8:22  Marine  
  69  8:25  Marine  
  72  8:28  Marauder  
  74  8:38  Marine  
  74  8:40  SCV x2, Marine  
  74  8:41  Engineering Bay, Widow Mine  
  78  8:42  Widow Mine  
  78  8:43  Marine  
  78  8:45  Medivac x2  
  78  8:47  Orbital Command  
  87  8:49  Marine  
  87  8:54  Barracks  
  88  8:56  Marauder  
  88  8:57  Barracks  
  88  8:58  Barracks Tech Lab, Marine  
  88  8:59  Barracks Reactor  
  88  9:01  Marine  
  92  9:16  Widow Mine x2  
  97  9:17  Marauder x2, Marine  
  97  9:18  Marine, Medivac x2, Marauder  
  97  9:23  Supply Depot  
  107  9:31  Orbital Command  
  107  9:35  Marine x3  
  107  9:36  Marine  
  107  9:38  Marine x2  
  112  9:39  Marauder  
  112  9:44  Widow Mine x2  
  119  9:48  Medivac  
  121  9:56  Marauder, Marine x4  
  121  9:57  Barracks Tech Lab, Marauder  
  121  9:59  SCV  
  130  10:04  SCV x2  
  132  10:13  Marauder  
  134  10:15  Missile Turret  
  134  10:20  Supply Depot  
  133  10:22  Supply Depot  
  133  10:26  Marine  
  133  10:27  Marine x5  
  133  10:28  Marine  
  140  10:42  Supply Depot, Marauder x2, Medivac  
  146  10:44  Marine x2  
  146  10:45  Supply Depot  
  148  10:51  Refinery  
  147  11:02  Marine, Marauder x2  
  147  11:03  Marine  
  147  11:04  Marauder x2  
  124  11:19  Marine  
  124  11:24  Marine x2, Marauder x2  
  124  11:25  Marauder x2  
  121  11:31  Marine  
  122  11:45  Marauder  
  113  12:00  Orbital Command  
  54  12:33  SCV x3  
  54  12:36  Marauder x2, Marine x4  
  60  12:45  SCV x2  
Show
View Real Time Build Order
Export as new Build Order

lalaluna Terran 

Build Orders:  

Get SALT Encoding   

Show
View Real Time Build Order
Export as new Build Order

HelloWorld Terran 

Build Orders:  

Get SALT Encoding   

Tags
 
Add a new tag
Caveats
  • Supply blocks, unpowered buildings, or Contaminate may cause inaccurate times.
  • Supply counts are checked every 10 seconds.